 Dungeon Crawl Stone Soup version 0.27-a0-421-g7ddf969dea (webtiles) character file.

Game seed: 12170697108395306237

6216 tsouns the Destroyer (level 10, 0/50 HPs)
             Began as a Tengu Fire Elementalist on Feb 26, 2021.
             Was a Priest of Dithmenos.
             Slain by an orc warrior
             ... wielding a +0 trident
              (11 damage)
             ... on level 10 of the Dungeon.
             The game lasted 00:20:21 (12162 turns).

tsouns the Destroyer (Tengu Fire Elementalist)     Turns: 12162, Time: 00:20:21

Health: 0/50       AC:  4    Str:  8    XL:     10   Next: 92%
Magic:  2/23       EV: 16    Int: 19    God:    Dithmenos [***...]
Gold:   440        SH:  0    Dex: 15    Spells: 2/26 levels left

rFire    . . .     SeeInvis .   g - +6 flail (drain)
rCold    . . .     Faith    .   (no shield)
rNeg     . . .     Spirit   .   a - +0 robe
rPois    .         Reflect  .   (helmet restricted)
rElec    .         Harm     .   (no cloak)
rCorr    .         Rampage  .   B - +1 pair of gloves
Will     +....                  (boots unavailable)
Stlth    +++.......             (no amulet)
HPRegen  0.16/turn              u - +4 ring of evasion
MPRegen  0.18/turn              A - ring of willpower

@: wreathed by umbra
A: beak, talons 3, able to fly
a: Fly, Renounce Religion, Shadow Step


You were on level 10 of the Dungeon.
You worshipped Dithmenos.
Dithmenos was most pleased with you.
You visited 2 branches of the dungeon, and saw 11 of its levels.

You collected 440 gold pieces.

Inventory:

Hand Weapons
 d - a +0 war axe of venom
 e - a +1 short sword of electrocution
 g - a +6 flail of draining (weapon)
 z - a +0 vorpal morningstar
Missiles
 w - 4 throwing nets
Armour
 a - a +0 robe (worn)
 o - a +0 kite shield
 B - a +1 pair of gloves (worn)
Magical Staves
 j - a staff of fire
Jewellery
 p - a ring of ice
 u - a +4 ring of evasion (left hand)
 A - a ring of willpower (right hand)
Wands
 q - a wand of acid (9)
 r - a wand of mindburst (18)
 t - a wand of polymorph (8)
 v - a wand of charming (4)
 y - a wand of paralysis (5)
Scrolls
 f - 5 scrolls of identify
 i - 4 scrolls of fear
 l - 3 scrolls of immolation
 m - 2 scrolls of noise
 n - 2 scrolls of magic mapping
 x - a scroll of teleportation
Potions
 b - 3 potions of lignification
 c - a potion of invisibility
 h - 3 potions of curing
 k - a potion of haste
 s - 3 potions of attraction
 C - a potion of might
 D - a potion of brilliance {unknown}


   Skills:
 + Level 0.0 Fighting
 - Level 2.1 Dodging
 - Level 2.0 Stealth
 + Level 8.8 Spellcasting
 + Level 11.9 Conjurations
 + Level 10.6 Fire Magic
 + Level 0.0 Ice Magic
 + Level 0.3 Air Magic
 + Level 0.0 Poison Magic


You had 2 spell levels left.
You knew the following spells:

 Your Spells              Type           Power        Failure   Level
a - Foxfire               Conj/Fire      100%         1%          1
b - Conjure Flame         Conj/Fire      51%          1%          3
c - Sticky Flame          Conj/Fire      51%          1%          4
d - Fireball              Conj/Fire      25%          2%          5
e - Mephitic Cloud        Conj/Pois/Air  24%          4%          3
f - Poisonous Vapours     Pois/Air       18%          12%         2
g - Freezing Cloud        Conj/Ice/Air   11%          94%         6

Your spell library contained the following spells:

 Spells                   Type           Power        Failure   Level
 Inner Flame              Hex/Fire       28%          2%          3


Dungeon Overview and Level Annotations

Branches:
Dungeon (10/15)            Temple (1/1) D:5             Orc (0/2) D:10
   Lair: D:8-11

Altars:
Ashenzari
Cheibriados
Dithmenos
Elyvilon
Fedhas
Gozag
Hepliaklqana
Kikubaaqudgha
Makhleb
Nemelex Xobeh
Okawaru
Qazlal
Ru
Sif Muna
Trog
Uskayaw
Vehumet
Wu Jian
Xom
Yredelemnul
Zin
The Shining One

Annotations:
D:3 1 runed translucent door, Inkie's ghost, amateur KoBr


Innate Abilities, Weirdness & Mutations

You have a beak for a mouth.
You have claws for feet.
You can fly continuously.


Message History

A bullfrog skeleton comes into view.
Casting: Fireball (dangerous; 2% risk of failure)
Confirm with . or Enter, or press ? or * to list all spells.
Aiming: Fireball (dangerous; 2% risk of failure)
Press: ? - help, Shift-Dir - straight line, f/p - orc warrior
Aim: an orc warrior, wielding a +0 trident and wearing a +0 plate armour (severely wounded)
You miscast Fireball.
You are very lightly contaminated with residual magic.
Nothing appears to happen.
Casting: Fireball (dangerous; 2% risk of failure)
Confirm with . or Enter, or press ? or * to list all spells.
Aiming: Fireball (dangerous; 2% risk of failure)
Press: ? - help, Shift-Dir - straight line, p - orc warrior The fireball explodes!
The fireball engulfs the orc!
You kill the orc!
Dithmenos accepts your kill.
The fireball engulfs the orc warrior!!
The orc warrior is severely wounded.
The fireball engulfs the orc!
You kill the orc!
Dithmenos accepts your kill.
The orc warrior throws a boomerang.
The boomerang hits you!!
Unknown command.
Your magical contamination has completely faded away.
You see here a +0 trident.
Casting: Fireball (dangerous; 2% risk of failure)
Confirm with . or Enter, or press ? or * to list all spells.
Aiming: Fireball (dangerous; 2% risk of failure)
Press: ? - help, Shift-Dir - straight line The fireball explodes!
The fireball engulfs the orc!!
You kill the orc!
Dithmenos accepts your kill.
The fireball engulfs the orc warrior.
The orc warrior is almost dead.
The orc warrior hits you from afar with a +0 trident!!
* * * LOW HITPOINT WARNING * * *
A jelly comes into view.
There is a stone staircase leading up here.
The orc warrior hits you from afar with a +0 trident!
You die...

#### ...## #...
8....>.=.. ...#
#..# ...†
)........# #.J#
.....)...
#..####..# ...
Z.. #....@.oZ#
...oo#
#.######.#
#o#.# ##.## #.#
#...# #...# #.#
#.# #..######Z#
#.###.oo).....#
#.............#
#####.######.##
#.# #.#


You could see an orc warrior, a jelly (wandering) and a bullfrog skeleton.

Vanquished Creatures
  Harold (D:7)
  A two-headed ogre (D:10)
  The ghost of tilp the Insei, a novice OpTm (D:7)
  Grinder (D:8)
  Prince Ribbit (D:6)
  A wyvern (D:8)
  Edmund (D:5)
  An orc warrior (D:8)
  2 ice beasts
  2 sky beasts
  4 ogres
  2 centaurs
  2 phantoms
  2 kobold brigands
  8 bullfrogs
  3 scorpions
  A wyvern skeleton (D:8)
  6 killer bees (D:8)
  6 howler monkeys
  A bullfrog zombie (D:6)
  2 jellies
  4 orc priests
  A gnoll shaman (D:8)
  A quasit (D:8)
  3 bullfrog skeletons
  6 hounds
  3 iguanas
  10 orc wizards
  8 worker ants
  A mummy (D:6)
  A hound skeleton (D:4)
  A worker ant zombie (D:9)
  7 gnolls
  6 adders
  A shadow imp (D:6)
  An ufetubus (D:8)
  5 oozes
  An adder skeleton (D:4)
  2 worms (D:2)
  2 dart slugs (D:1)
  3 leopard geckos
  20 orcs
  6 bats
  5 giant cockroaches
  9 goblins
  5 hobgoblins
  10 jackals
  20 kobolds
  3 quokkas
  2 ball pythons (D:4)
  7 frilled lizards
  A leopard gecko skeleton (D:6)
  A leopard gecko zombie (D:7)
  9 rats
214 creatures vanquished.

Vanquished Creatures (collateral kills)
  A foxfire (D:5)
1 creature vanquished.

Vanquished Creatures (others)
  713 foxfires
  28 fungi (D:10)
  48 plants
789 creatures vanquished.

Grand Total: 1004 creatures vanquished

Notes
Turn   | Place    | Note
-------+----------+-------------------------------------------
     0 | D:1      | tsouns the Tengu Fire Elementalist began the quest for the
                  | Orb.
     0 | D:1      | Reached XP level 1. HP: 10/10 MP: 4/4
   122 | D:1      | Reached XP level 2. HP: 15/15 MP: 0/6
   200 | D:1      | Reached skill level 2 in Conjurations
   424 | D:1      | Reached XP level 3. HP: 19/19 MP: 0/7
  1761 | D:2      | Learned a level 3 spell: Conjure Flame
  1893 | D:2      | Reached skill level 3 in Conjurations
  1896 | D:2      | Reached XP level 4. HP: 21/24 MP: 0/9
  2578 | D:3      | Found a sacrificial altar of Ru.
  3123 | D:3      | Found a runed translucent door.
  3123 | D:3      | Noticed Inkie's ghost (amateur KoBr)
  3157 | D:3      | Gained mutation: You can fly continuously. [Tengu growth]
  3157 | D:3      | Reached XP level 5. HP: 28/28 MP: 4/10
  3652 | D:4      | Reached skill level 4 in Conjurations
  4106 | D:4      | HP: 1/28 [orc priest/divine providence (16)]
  4116 | D:4      | Reached XP level 6. HP: 6/32 MP: 4/12
  4129 | D:4      | HP: 2/48 [orc (2)]
  4130 | D:4      | Reached skill level 5 in Fire Magic
  4642 | D:4      | Reached skill level 5 in Conjurations
  4778 | D:4      | Reached XP level 7. HP: 36/36 MP: 6/14
  5138 | D:5      | Entered Level 5 of the Dungeon
  5175 | D:5      | Learned a level 4 spell: Sticky Flame
  5181 | D:5      | Learned a level 5 spell: Fireball
  5209 | D:5      | Found a staircase to the Ecumenical Temple.
  5271 | Temple   | Entered the Ecumenical Temple
  5559 | Temple   | Became a worshipper of Dithmenos the Shadowed
  5670 | D:5      | Noticed Edmund
  5687 | D:5      | Killed Edmund
  5688 | D:5      | Reached skill level 6 in Conjurations
  6217 | D:5      | Reached skill level 5 in Spellcasting
  6217 | D:5      | Reached XP level 8. HP: 30/41 MP: 8/16
  6382 | D:5      | Reached skill level 7 in Conjurations
  6561 | D:6      | Noticed Prince Ribbit
  6567 | D:6      | Killed Prince Ribbit
  6787 | D:6      | Found a radiant altar of Vehumet.
  6804 | D:6      | Noticed Grinder
  6932 | D:6      | Reached skill level 8 in Conjurations
  7001 | D:6      | Reached * piety under Dithmenos
  7210 | D:6      | Reached XP level 9. HP: 45/45 MP: 15/19
  7464 | D:6      | Found a snail-covered altar of Cheibriados.
  7539 | D:6      | Found a broken altar of Ashenzari.
  7785 | D:7      | Found a shimmering blue altar of Sif Muna.
  8135 | D:7      | Found a runed translucent gate.
  8139 | D:7      | Found a runed translucent gate.
  8139 | D:7      | Found a runed translucent gate.
  8139 | D:7      | Noticed tilp's ghost (novice OpTm)
  8155 | D:7      | Killed tilp's ghost
  8156 | D:7      | Reached skill level 9 in Conjurations
  8311 | D:7      | Noticed Harold
  8325 | D:7      | Killed Harold
  8326 | D:7      | Reached skill level 10 in Conjurations
  9119 | D:8      | Reached XP level 10. HP: 50/50 MP: 11/22
  9421 | D:8      | Reached ** piety under Dithmenos
 10117 | D:8      | Reached skill level 11 in Conjurations
 10248 | D:8      | Found a white marble altar of Elyvilon.
 10299 | D:8      | Killed Grinder
 10300 | D:8      | Reached skill level 10 in Fire Magic
 10756 | D:8      | Found a bloodstained altar of Trog.
 10757 | D:8      | Found an iron altar of Okawaru.
 11554 | D:9      | Found a burning altar of Makhleb.
 11693 | D:9      | Reached *** piety under Dithmenos
 11987 | D:10     | Entered Level 10 of the Dungeon
 11987 | D:10     | Noticed a two-headed ogre
 11992 | D:10     | Killed a two-headed ogre
 12111 | D:10     | Learned a level 3 spell: Mephitic Cloud
 12114 | D:10     | Learned a level 2 spell: Poisonous Vapours
 12121 | D:10     | Learned a level 6 spell: Freezing Cloud
 12137 | D:10     | Found a staircase to the Orcish Mines.
 12162 | D:10     | Slain by an orc warrior

Illustrated notes

Levels and vault maps discovered:
D:1:      dpeg_arrival_arbitrary_b, layout_basic, minmay_cut_off
D:2:      layout_rooms, kennysheep_pointless_box, grunt_decor_one_mirror,
          chequers_hall_statues_corner_a
D:3:      layout_basic, nicolae_ru_sacrificial_ziggurat, gammafunk_ghost_grave
D:4:      layout_gridville
D:5:      layout_rooms, minmay_temple_entry_overgrown, uniq_edmund
D:6:      layout_cave_pools, slow_altar_2, overflow_temple_1_default,
          kennysheep_mini, uniq_prince_ribbit1, uniq_grinder
D:7:      layout_cave_pods, led_sif_pool, ebering_ghost_rock_garden,
          corexii_leaking_fountain, uniq_harold
D:8:      layout_basic, grunt_temple_overflow_bloody_war, basic_altar
D:9:      layout_rooms, overflow_temple_1_default
D:10:     layout_loops_ring, due_lair_maze_entry_diamond, david_orc_2,
          serial_shops, shop, serial_bayou_lagoon_a
Temple:   dpeg_chambers_temple

Skill      XL: |  1  2  3  4  5  6  7  8  9 10 |
---------------+-------------------------------+-----
Conjurations   | 2 3 4 5 6 8 10 11 | 11.9
Fire Magic     | 4 5 6 7 9 10 | 10.6
Spellcasting   | 3 4 5 6 7 8 |  8.8
Dodging        | |  2.1
Stealth        | |  2.0
Air Magic      | |  0.3

Action                   |  1- 3 |  4- 6 |  7- 9 | 10-12 || total
-------------------------+-------+-------+-------+-------++-------
Melee: Peck              |     1 |     4 |     2 |     5 ||    12
       Unarmed           |     1 |       |       |       ||     1
       Short sword       |     1 |    45 |     1 |       ||    47
       Kick              |       |     4 |     2 |     6 ||    12
       Flail             |       |       |    17 |    30 ||    47
 Cast: Foxfire           |    91 |   117 |   209 |    22 ||   439
       Sticky Flame      |       |       |     9 |    18 ||    27
       Fireball          |       |       |     1 |    48 ||    49
Evoke: Wand              |       |       |       |     1 ||     1
  Use: Potion            |       |     8 |       |       ||     8
       Scroll            |       |       |    13 |     1 ||    14
 Stab: Sleeping          |       |     3 |     1 |       ||     4
Armor: Robe              |     3 |     6 |     9 |     2 ||    20
       Skin              |       |    34 |       |       ||    34
Dodge: Dodged            |     8 |    31 |    24 |    45 ||   108

Table legend: (Time is in decaauts)
 A = Elapsed time spent in this place.
 B = Non-inter-level travel time spent in this place.
 C = Inter-level travel time spent in this place.
 D = Time resting spent in this place.
 E = Time spent auto-exploring this place.
 F = Levels seen in this place.
 G = Mean time per level.
                   A        B        C        D        E       F      G
               +--------+--------+--------+--------+--------+-----+--------+
         Total |  12178 |  11814 |    364 |      0 |  10455 |  11 | 1107.1 |
       Dungeon |  11876 |  11551 |    325 |      0 |  10195 |  10 | 1187.6 |
        Temple |    301 |    262 |     39 |      0 |    260 |   1 |  301.0 |
               +--------+--------+--------+--------+--------+-----+--------+

Top non-repeatable levels by time:
     D:7: 1921 daAuts
     D:8: 1701 daAuts
     D:1: 1686 daAuts
     D:4: 1546 daAuts
     D:5: 1266 daAuts
     D:3: 1015 daAuts
     D:6: 953 daAuts
     D:2: 883 daAuts
     D:9: 831 daAuts
  Temple: 301 daAuts
    D:10: 70 daAuts
